 Dungeon Crawl Stone Soup version 0.28-a0-861-ge64d6db94f (webtiles) character file.

Game seed: 8886507878694285942

95 kklluuttzz the Slasher (level 4, -1/35 HPs)
             Began as a Formicid Warper on Nov 15, 2021.
             Killed from afar by Natasha (8 damage)
             ... with a magic dart
             ... on level 2 of the Dungeon.
             The game lasted 00:06:28 (3194 turns).

kklluuttzz the Slasher (Formicid Warper)            Turns: 3194, Time: 00:06:29

Health: -1/35      AC:  3    Str: 16    XL:     4   Next: 95%
Magic:  5/7        EV: 12    Int: 13    God:
Gold:   20         SH:  0    Dex: 10    Spells: 4/7 levels left

rFire   . . .      SeeInvis +   a - +0 falchion
rCold   . . .      Faith    .   (no shield)
rNeg    . . .      Spirit   .   b - +0 leather armour
rPois   .          Reflect  .   (helmet unavailable)
rElec   .          Harm     .   (no cloak)
rCorr   .          Rampage  .   (no gloves)
Will    .....                   (no boots)
Stlth   +.........              (no amulet)
HPRegen 0.11/turn               (no ring)
MPRegen 0.10/turn               (no ring)

@: brilliant
A: permanent stasis, dig shafts and tunnels, antennae 3, four strong arms
a: Dig, Shaft Self


You were on level 2 of the Dungeon.
You visited 1 branch of the dungeon, and saw 4 of its levels.

You collected 53 gold pieces.
You spent 33 gold pieces at shops.

Inventory:

Hand Weapons
 a - a +0 falchion (weapon)
Missiles
 c - 6 boomerangs of dispersal (quivered)
 m - a throwing net
Armour
 b - a +0 leather armour (worn)
Scrolls
 d - 2 scrolls of teleportation
 j - a scroll of holy word
 l - a scroll of fog
Potions
 e - a potion of attraction
 f - a potion of curing
 h - a potion of flight


   Skills:
 + Level 3.1 Fighting
 * Level 3.6 Long Blades
 - Level 1.0 Throwing
 - Level 1.1 Armour
 + Level 2.5 Dodging
 - Level 2.1 Spellcasting
 - Level 2.6 Translocations


You had 4 spell levels left.
You knew the following spells:

 Your Spells              Type           Power      Damage    Failure   Level
t - Teleport Other        Tloc           12%        N/A       30%         3

Your spell library contained the following spells:

 Spells                   Type           Power      Damage    Failure   Level
 Gell's Gravitas          Tloc           12%        N/A       30%         3
 Lesser Beckoning         Tloc           12%        N/A       30%         3
 Static Discharge         Conj/Air       2%         N/A       43%         2
 Manifold Assault         Tloc           12%        N/A       96%         5
 Lightning Bolt           Conj/Air       1%         1d12      100%        5
 Maxwell's Capacitive Co  Air            1%         ∞         100%        8
 Blink                    Tloc           Unusable   N/A       N/A         2

Dungeon Overview and Level Annotations

Branches:
Dungeon (4/15)
 Temple: D:4-7

Altars:
Dithmenos

Shops:
D:3 (

Annotations:
D:1 exclusion: downstairs
D:2 1 runed translucent door, Crazy Yiuf, Natasha


Innate Abilities, Weirdness & Mutations

You cannot be hasted, slowed, berserked, paralysed or teleported.
You can dig through walls and to a lower floor.
You have a pair of large antennae on your head. (SInv)
Your four strong arms can wield two-handed weapons with a shield.


Message History

Natasha barely misses you.
Casting: Teleport Other (quite dangerous; 30% risk of failure)
Confirm with . or Enter, or press ? or * to list all spells.
Okay, then.
Casting: Teleport Other (quite dangerous; 30% risk of failure)
Confirm with . or Enter, or press ? or * to list all spells.
Okay, then.
Unknown command.
Casting: Teleport Other (quite dangerous; 30% risk of failure)
Confirm with . or Enter, or press ? or * to list all spells.
The spell is quite dangerous to cast (30% risk of failure)!
Continue anyway?
Aiming: Teleport Other (quite dangerous; 30% risk of failure)
Press: ? - help, Shift-Dir - straight line, f - Natasha
Aim: Natasha (moderately wounded, chance to affect: 49%)
You feel a surge of power!
Natasha resists with some effort.
Natasha claws you.
* * * LOW HITPOINT WARNING * * *
You miss Natasha.
Natasha is moderately wounded.
Natasha mumbles some strange words.
You hit Natasha but do no damage.
Natasha is moderately wounded.
Natasha barely misses you.
You barely miss Natasha.
Natasha is moderately wounded.
Natasha misses you.
You hit Natasha.
Natasha is heavily wounded.
Natasha casts a spell at you. You resist with some effort. Natasha claws you.
* * * LOW HITPOINT WARNING * * *
You barely miss Natasha.
Natasha is heavily wounded.
Natasha barely misses you.
You hit Natasha but do no damage.
Natasha is heavily wounded.
Natasha howls an incantation.
You feel disoriented. Natasha casts a spell at you. The magic dart hits you!
You die...

.# ....... ####.#
....... ..#.# .......
#.#.# ........
.####.#.#.....w....
.........>.......h.##
#####†##.##### #...#
##'##+##########.#
####...........#@#{.#
...............##h#.#
###............####.#
..#............# #{#
#.#............# #.#
..#............# #.#
..#............####.#
..#.................#
..#.[..........######


You could see Natasha.

Vanquished Creatures
  Natasha (D:2)
  An adder (D:1)
  An adder skeleton (D:4)
  2 worms
  2 dart slugs
  4 endoplasms
  2 giant cockroaches (D:1)
  3 goblins
  6 hobgoblins
  A quokka (D:3)
  2 ball pythons
  3 bats
  11 frilled lizards (D:1)
  5 kobolds
  5 rats
49 creatures vanquished.

Vanquished Creatures (others)
  A ball python (D:3)
1 creature vanquished.

Grand Total: 50 creatures vanquished

Notes
Turn   | Place    | Note
-------+----------+-------------------------------------------
     0 | D:1      | kklluuttzz the Formicid Warper began the quest for the Orb.
     0 | D:1      | Reached XP level 1. HP: 16/16 MP: 3/3
   223 | D:1      | Reached XP level 2. HP: 6/23 MP: 5/5
   899 | D:1      | Reached XP level 3. HP: 28/28 MP: 6/6
  1390 | D:2      | Noticed Natasha
  1695 | D:2      | Killed Natasha
  1696 | D:2      | Reached XP level 4. HP: 16/35 MP: 7/7
  1944 | D:2      | Found a runed translucent door.
  1945 | D:2      | Noticed Crazy Yiuf
  2205 | D:3      | Found Maumisit's Weapon Boutique.
  2215 | D:3      | Bought 2 boomerangs of dispersal for 33 gold pieces
  2280 | D:3      | Found a shadowy altar of Dithmenos.
  2654 | D:3      | Learned a level 3 spell: Teleport Other
  3172 | D:2      | Noticed Natasha
  3194 | D:2      | Killed from afar by Natasha

Illustrated notes

Levels and vault maps discovered:
D:1:      nagdon_arrival_zigzag_paths, layout_loops_ring, minmay_lizard_pond
D:2:      layout_basic, uniq_natasha, uniq_crazy_yiuf_cottage, uniq_jessica
D:3:      layout_loops_corners, nicolae_dithmenos_through_a_glass_darkly,
          serial_shops, nicolae_diamond_shop, lemuel_flame_loot_1
D:4:      layout_loops_ring, lightli_temple_of_fire,
          minmay_temple_entry_gardened_gates, serial_shops,
          nicolae_shop_overgrown_old_shop

Skill      XL: |  1  2  3 |
---------------+----------+-----
Dodging        | 2 |  2.5
Long Blades    | 3 |  3.6
Fighting       | 3 |  3.1
Throwing       | |  1.0
Armour         | |  1.1
Spellcasting   | |  2.1
Translocations | |  2.6

Action                   |  1- 3 |  4- 6 || total
-------------------------+-------+-------++-------
Melee: Falchion          |   109 |    57 ||   166
Throw: Boomerang         |     1 |       ||     1
 Cast: Teleport Other    |       |     1 ||     1
 Abil: Dig               |     4 |     2 ||     6
  Use: Scroll            |     3 |     4 ||     7
       Potion            |     3 |     2 ||     5
Armor: Leather armour    |    18 |    18 ||    36
Dodge: Dodged            |    65 |    37 ||   102

Table legend: (Time is in decaauts)
 A = Elapsed time spent in this place.
 B = Non-inter-level travel time spent in this place.
 C = Inter-level travel time spent in this place.
 D = Time resting spent in this place.
 E = Time spent auto-exploring this place.
 F = Levels seen in this place.
 G = Mean time per level.
                   A        B        C        D        E       F      G
               +--------+--------+--------+--------+--------+-----+--------+
         Total |   3222 |   3100 |    122 |    510 |   2013 |   4 |  805.5 |
       Dungeon |   3222 |   3100 |    122 |    510 |   2013 |   4 |  805.5 |
               +--------+--------+--------+--------+--------+-----+--------+

Top non-repeatable levels by time:
     D:1: 1690 daAuts
     D:3: 1035 daAuts
     D:2: 438 daAuts
     D:4: 57 daAuts
